 Dungeon Crawl Stone Soup version 0.15.1-1-gfacfea3 (webtiles) character file.

5311 Johnny the Fighter (level 10, -7/83 HPs)
             Began as a Human Berserker on Sept 25, 2014.
             Was an Elder of Trog.
             Mangled by a red ugly thing (22 damage)
             ... on Level 9 of the Dungeon.
             The game lasted 00:23:50 (9105 turns).

Johnny the Fighter (Human Berserker)                Turns: 9105, Time: 00:23:50

HP  -7/83        AC 11     Str 17      XL: 10   Next: 95%
MP  18/18        EV 12     Int  8      God: Trog [****..]
Gold 448         SH  0     Dex 16      Spells:  0 memorised,  9 levels left

rFire  . . .     SeeInvis .     T - +0 long sword
rCold  . . .     Clarity  +     L - +0 ring mail (curse)
rNeg   . . .     rCorr    .     (no shield)
rPois  +         rRot     .     J - +1 helmet
rElec  .         Spirit   .     K - +0 cloak
SustAb .         Warding  .     q - +0 pair of gloves
rMut   .         Stasis   .     (no boots)
Gourm  .                        t - amulet of clarity
MR     ++...                    (no ring)
                                i - ring of poison resistance

@: regenerating, drained, very resistant to hostile enchantments, very
unstealthy
A: no striking features
a: Burn Spellbooks, Berserk, Trog's Hand, Brothers in Arms, Renounce Religion


You were on level 9 of the Dungeon.
You worshipped Trog.
Trog was greatly pleased with you.
You were not hungry.

You visited 1 branch of the dungeon, and saw 9 of its levels.
You also visited: Ossuary.

You collected 448 gold pieces.

Inventory:

Hand weapons
 a - a +1 falchion
 T - a +0 long sword (weapon)
Armour
 q - a +0 pair of gloves (worn)
 x - the +0 scale mail of Prudence {SInv Curse}
   (You found it on level 6 of the Dungeon)

   It enhances your eyesight.
   It may recurse itself when equipped.
 J - a +1 helmet (worn)
 K - a +0 cloak (worn)
 L - a cursed +0 ring mail (worn)
 U - a +0 plate armour
Magical devices
 d - a wand of slowing (11)
 s - a wand of digging (12)
 C - a wand of flame (5)
 D - a wand of slowing (8)
 I - a wand of frost (10)
 M - a wand of disintegration (17)
 R - a wand of magic darts (11)
Comestibles
 c - 6 bread rations
Scrolls
 b - 3 scrolls of fog
 j - 5 scrolls of magic mapping
 l - a scroll of enchant weapon
 m - 4 scrolls of enchant armour
 n - a scroll of random uselessness {unknown}
 o - a scroll of blinking
 y - a scroll of amnesia {unknown}
 B - a scroll of fear {unknown}
 F - a scroll of recharging {unknown}
 H - a scroll of acquirement {unknown}
Jewellery
 f - a cursed amulet of resist corrosion
 h - an uncursed amulet of stasis
 i - a ring of poison resistance (left hand)
 t - an amulet of clarity (around neck)
 E - an uncursed amulet of faith {unknown}
Potions
 e - a potion of resistance
 g - a potion of heal wounds
 k - a potion of might {unknown}
 p - a potion of cancellation {unknown}
 r - 10 potions of curing
 u - a potion of decay {unknown}
 v - a potion of beneficial mutation {unknown}
 w - 3 potions of mutation {unknown}
 z - a potion of restore abilities {unknown}
 A - 2 potions of confusion {unknown}
 G - a potion of agility {unknown}
 N - a potion of invisibility
 Q - 2 potions of haste {unknown}


   Skills:
 * Level 9.1(8.5) Fighting
 * Level 9.0(8.4) Long Blades
 + Level 6.1(5.6) Armour
 + Level 6.5(5.9) Dodging
 + Level 5.3(4.8) Evocations


You had 9 spell levels left.
You didn't know any spells.

Dungeon Overview and Level Annotations

Branches:
Dungeon (9/15)             Temple (0/1) D:4
    Orc: D:9-12        Lair: D:8-11

Altars:
Ashenzari
Dithmenos
Okawaru
Sif Muna
Vehumet

Shops:
D:5 ?


Message History

You feel resistant to hostile enchantments.
You feel slightly more hungry.
You hit the red ugly thing but do no damage.
The red ugly thing tentacle-slaps you.
You are engulfed in flames!
You closely miss the red ugly thing.
The red ugly thing tentacle-slaps you but does no damage.
You hit the red ugly thing.
The red ugly thing is lightly wounded.
The red ugly thing tentacle-slaps you!
You are engulfed in flames!
You hit the red ugly thing.
The red ugly thing is lightly wounded.
The red ugly thing tentacle-slaps you.
You are engulfed in flames!!
* * * LOW HITPOINT WARNING * * *
Eat which item? (? for menu, Esc to quit)
The red ugly thing tentacle-slaps you but does no damage.
You continue eating.
The red ugly thing tentacle-slaps you!
* * * LOW HITPOINT WARNING * * *
You are engulfed in flames!!
You die...

.............#
.............#
####.........# ##
#.........#
.####.......##
..####.....##
...####...## ##
....####...#######..###..
....'...........@u.......
....####...#######.##....
...## #..## # ..## #.##
.## #.# ## #.# ########.#
......##.# #####.##.#


You could see a red ugly thing.

Vanquished Creatures
  Pikel (D:7)
  Grinder (D:4)
  Blork the orc (D:7)
  A deep elf mage (D:7)
  Eustachio (D:7)
  Grum (D:8)
  A hungry ghost (D:9)
  2 wolves (D:8)
  3 orc warriors
  3 sky beasts
  A water moccasin (D:7)
  An ice beast (D:6)
  2 centaurs
  A big kobold (D:8)
  5 ogres
  3 giant frogs
  6 water moccasin zombies (Ossuary)
  2 scorpions
  A troll zombie (D:8)
  5 wights (D:9)
  3 crimson imps
  2 goliath beetles
  7 hounds
  4 orc priests
  A jelly (D:6)
  Crazy Yiuf (D:7)
  A centaur skeleton (D:4)
  5 orc wizards
  2 iguanas
  8 worker ants
  4 big kobold zombies (Ossuary)
  3 ogre skeletons
  2 mummies (Ossuary)
  A gnoll (D:6)
  A shadow imp (D:5)
  11 adders
  A giant mite (D:5)
  8 worms
  A goliath beetle zombie (D:6)
  An adder skeleton (D:4)
  8 adder zombies (Ossuary)
  4 giant geckos
  2 oozes
  38 orcs
  A bat skeleton (D:4)
  10 goblins
  14 hobgoblins
  16 jackals
  3 quokkas
  20 bats
  5 giant cockroaches
  2 giant newts
  A gnoll zombie (Ossuary)
  A goblin skeleton (D:4)
  A hobgoblin skeleton (D:6)
  8 hobgoblin zombies (Ossuary)
  A jackal skeleton (D:4)
  12 kobolds
  5 kobold zombies (Ossuary)
  3 orc zombies (Ossuary)
  A quokka zombie (D:7)
  8 rats
  A rat skeleton (D:8)
  A rat zombie (D:7)
  3 ballistomycetes (D:7)
  A fungus (D:7)
279 creatures vanquished.

Vanquished Creatures (others)
  A deep elf mage (D:9)
  A slave (D:7)
  A scorpion (D:7)
  A giant cockroach (D:7)
  A kobold (D:7)
  2 giant spores
  A goblin (D:7)
8 creatures vanquished.

Grand Total: 287 creatures vanquished

Notes
Turn   | Place    | Note
--------------------------------------------------------------
     0 | D:1      | Johnny, the Human Berserker, began the quest for the Orb.
     0 | D:1      | Reached XP level 1. HP: 18/18 MP: 1/1
   111 | D:1      | Reached XP level 2. HP: 10/24 MP: 2/2
   455 | D:1      | Acquired Trog's second power
   455 | D:1      | Reached XP level 3. HP: 10/29 MP: 3/3
  1097 | D:2      | Reached XP level 4. HP: 18/35 MP: 4/4
  2002 | D:3      | Reached XP level 5. HP: 35/42 MP: 5/5
  2186 | D:3      | Reached skill level 4 in Long Blades
  2823 | D:4      | Found a radiant altar of Vehumet.
  3001 | D:4      | Found a staircase to the Ecumenical Temple.
  3008 | D:4      | Noticed an ogre
  3016 | D:4      | Killed an ogre
  3016 | D:4      | Reached XP level 6. HP: 22/49 MP: 6/6
  3272 | D:4      | Noticed Grinder
  3347 | D:4      | Killed Grinder
  3347 | D:4      | Reached skill level 5 in Fighting
  3347 | D:4      | Reached skill level 5 in Long Blades
  3347 | D:4      | Reached XP level 7. HP: 27/56 MP: 7/7
  3916 | D:4      | Found a shadowy altar of Dithmenos.
  3919 | D:4      | Found a shattered altar of Ashenzari.
  3919 | D:4      | Found a deep blue altar of Sif Muna.
  4043 | D:4      | Reached XP level 8. HP: 63/63 MP: 8/8
  4299 | D:5      | Entered Level 5 of the Dungeon
  4491 | D:5      | Found Mucweism's Magic Scroll Boutique.
  4690 | D:5      | Found a sand-covered staircase.
  4694 | Ossuary  | Entered an ossuary
  4866 | Ossuary  | Reached skill level 6 in Fighting
  5029 | Ossuary  | Reached skill level 1 in Evocations
  5358 | D:5      | Found an iron altar of Okawaru.
  5371 | D:5      | Reached XP level 9. HP: 71/71 MP: 12/12
  6164 | D:6      | Got a distressingly furry scale mail
  6175 | D:6      | Identified the +0 scale mail of Prudence {SInv Curse} (You found it on level 6 of the Dungeon)
  6281 | D:6      | Reached skill level 7 in Fighting
  6354 | D:6      | Reached skill level 5 in Armour
  6354 | D:6      | Reached skill level 5 in Dodging
  6464 | D:6      | Found an iron altar of Okawaru.
  7185 | D:7      | Noticed Pikel
  7186 | D:7      | Noticed Blork the orc
  7199 | D:7      | Killed Pikel
  7199 | D:7      | Reached skill level 8 in Fighting
  7199 | D:7      | Reached XP level 10. HP: 56/80 MP: 14/16
  7217 | D:7      | Killed Blork the orc
  7337 | D:7      | Noticed Crazy Yiuf
  7343 | D:7      | Killed Crazy Yiuf
  7711 | D:7      | Noticed Eustachio
  7718 | D:7      | Killed Eustachio
  8141 | D:8      | Noticed Grum
  8192 | D:8      | Killed Grum
  8264 | D:8      | Acquired Trog's third power
  8270 | D:8      | Reached skill level 5 in Evocations
  8793 | D:9      | Reached skill level 9 in Fighting
  9096 | D:9      | Noticed a red ugly thing
  9105 | D:9      | Mangled by a red ugly thing

Action                   |  1- 3 |  4- 6 |  7- 9 | 10-12 || total
-------------------------+-------+-------+-------+-------++-------
Melee: Falchion          |   110 |   215 |   716 |   277 ||  1318
       Cutlass           |       |       |    30 |       ||    30
       Long sword        |       |       |       |    83 ||    83
Invok: Berserk           |     3 |     5 |    12 |     9 ||    29
       Trog's Hand       |     1 |     6 |    13 |    10 ||    30
Evoke: Wand              |       |       |     6 |     3 ||     9
  Use: Scroll            |       |     6 |     4 |     5 ||    15
 Stab: Sleeping          |       |     1 |       |       ||     1
  Eat: Chunk             |     4 |     9 |     4 |    12 ||    29
       Pizza             |       |     1 |       |       ||     1
       Meat ration       |       |     1 |     2 |       ||     3
       Bread ration      |       |       |     3 |       ||     3
       Fruit             |       |       |       |     3 ||     3
       Beef jerky        |       |       |       |     1 ||     1
